[Event "DVM U12 2021-22"]
[Site "Naumburg"]
[Date "2022.03.25"]
[Round "1"]
[White "Pimenov, Danil"]
[Black "Weidemann, Max"]
[Result "1-0"]
[ECO "C44"]
[WhiteElo "1227"]
[BlackElo "947"]
[Annotator "NA"]
[PlyCount "89"]
[EventDate "2022.03.25"]
[EventType "team-tourn"]
[EventRounds "7"]
[EventCountry "GER"]
[SourceTitle "playchess.com"]
[Source "ChessBase"]
[SourceQuality "1"]
[TimeControl "40/5400+30:1800+30"]

1. e4 e5 2. d4 exd4 3. c3 dxc3 4. Bc4 Nc6 5. Nxc3 Nf6 6. Nf3 Bb4 7. e5 Ne4 8. Bxf7+ Kxf7 9. Qd5+ Kf8 10. Qxe4 Bxc3+ 11. bxc3 Qe7 12. O-O d6 13. Bg5 Qe6 14. Rfe1 dxe5 15. Nxe5 Nxe5 16. Qf4+ Qf5 17. Qxe5 Qxe5 18. Rxe5 Bd7 19. Rd1 Bc6 20. Bd8 Rc8 21. Bxc7 Kf7 22. Bd6 Rhe8 23. f4 Rxe5 24. Bxe5 g6 25. Kf2 Ke7 26. g4 Rf8 27. Bd6+ Kf7 28. Bxf8 Kxf8 29. Rd8+ Ke7 30. Rh8 h5 31. gxh5 gxh5 32. Rxh5 Kf6 33. Ke3 a6 34. Re5 Bg2 35. h4 Kg6 36. Rg5+ Kf6 37. Rxg2 Kf7 38. h5 Kf6 39. h6 Kf5 40. h7 Kf6 41. h8=Q+ Kf5 42. Rg5+ Ke6 43. Qh6+ Kf7 44. Rg7+ Kf8 45. Qh8# 1-0

[Event "DVM U12 2021-22"]
[Site "Naumburg"]
[Date "2022.03.25"]
[Round "1"]
[White "Wolf, Anna"]
[Black "Zobel, Christian"]
[Result "0-1"]
[ECO "C42"]
[WhiteElo "1205"]
[BlackElo "1547"]
[Annotator "NA"]
[PlyCount "112"]
[EventDate "2022.03.25"]
[EventType "team-tourn"]
[EventRounds "7"]
[EventCountry "GER"]
[SourceTitle "playchess.com"]
[Source "ChessBase"]
[SourceQuality "1"]
[TimeControl "40/5400+30:1800+30"]

1. e4 e5 2. Nf3 Nf6 3. Nxe5 d6 4. Nf3 Nxe4 5. Bc4 d5 6. Qe2 Be7 7. d3 Nf6 8. Bb3 O-O 9. O-O Re8 10. Qd1 Bg4 11. Re1 c6 12. Bg5 Nbd7 13. Nbd2 Qc7 14. h3 Bh5 15. c4 dxc4 16. dxc4 Rad8 17. Qc2 Nc5 18. Rad1 Bg6 19. Qc3 h6 20. Bh4 Nd3 21. Bg3 Qc8 22. Re3 Bb4 23. Rxe8+ Nxe8 24. Qc2 Nxf2 25. Qc1 Nxd1 26. Qxd1 Bxd2 27. Nxd2 Qd7 28. Be1 Nf6 29. Qe2 Re8 30. Qf2 Bh5 31. Qf1 Qd4+ 32. Kh1 Qe3 33. Nf3 Bxf3 34. Qxf3 Qxf3 35. gxf3 Rxe1+ 36. Kg2 Re2+ 37. Kg3 Rxb2 38. Kf4 Nd7 39. Kf5 Nc5 40. Ke5 Nxb3 41. axb3 Rxb3 42. Kd6 a5 43. Kc7 a4 44. h4 a3 45. f4 a2 46. f5 a1=Q 47. f6 Qe5+ 48. Kc8 b5 49. cxb5 Rxb5 50. h5 Rb8+ 51. Kd7 Qe6+ 52. Kc7 Qe5+ 53. Kxc6 Rc8+ 54. Kb6 Qc5+ 55. Kb7 Qc6+ 56. Ka7 Ra8# 0-1

[Event "DVM U12 2021-22"]
[Site "Naumburg"]
[Date "2022.03.25"]
[Round "1"]
[White "Aaron Joel N"]
[Black "Dorendorf, Mika"]
[Result "0-1"]
[ECO "B30"]
[WhiteElo "1197"]
[BlackElo "1550"]
[Annotator "NA"]
[PlyCount "78"]
[EventDate "2022.03.25"]
[EventType "team-tourn"]
[EventRounds "7"]
[EventCountry "GER"]
[SourceTitle "playchess.com"]
[Source "ChessBase"]
[SourceQuality "1"]
[TimeControl "40/5400+30:1800+30"]

1. e4 c5 2. Nf3 Nc6 3. Nc3 e6 4. Bb5 a6 5. Ba4 b5 6. Nxb5 axb5 7. Bxb5 Nge7 8. d3 Qa5+ 9. c3 Qxb5 10. O-O Ng6 11. d4 cxd4 12. cxd4 Ba6 13. d5 Qxf1+ 14. Qxf1 Bxf1 15. dxc6 Bb5 16. cxd7+ Kxd7 17. Be3 Ra6 18. Nd4 Bc4 19. b3 e5 20. bxc4 exd4 21. Bxd4 f6 22. c5 Nf4 23. Kf1 Ne6 24. Be3 Bxc5 25. Bxc5 Nxc5 26. f3 Rha8 27. Rd1+ Ke6 28. Rd5 Rxa2 29. Rxc5 Rd2 30. Rc1 Raa2 31. f4 Rxg2 32. f5+ Ke5 33. Rc7 Rxh2 34. Rc5+ Kf4 35. Kg1 Rhc2 36. Rxc2 Rxc2 37. Kf1 Kxe4 38. Ke1 Kd3 39. Kd1 Rh2 0-1

[Event "DVM U12 2021-22"]
[Site "Naumburg"]
[Date "2022.03.25"]
[Round "1"]
[White "Etzold, Emil"]
[Black "Lehmann, Lasse"]
[Result "0-1"]
[ECO "C51"]
[WhiteElo "953"]
[BlackElo "1459"]
[Annotator "NA"]
[PlyCount "32"]
[EventDate "2022.03.25"]
[EventType "team-tourn"]
[EventRounds "7"]
[EventCountry "GER"]
[SourceTitle "playchess.com"]
[Source "ChessBase"]
[SourceQuality "1"]
[TimeControl "40/5400+30:1800+30"]

1. e4 e5 2. Nf3 Nc6 3. Bc4 Bc5 4. b4 Bxb4 5. c3 Bc5 6. d4 exd4 7. cxd4 Bb4+ 8. Bd2 Bxd2+ 9. Qxd2 Nf6 10. e5 d5 11. exf6 dxc4 12. Qe3+ Be6 13. fxg7 Rg8 14. Qh6 Nxd4 15. Qxh7 Nxf3+ 16. gxf3 f6 0-1

[Event "DVM U12 2021-22"]
[Site "Naumburg"]
[Date "2022.03.26"]
[Round "2"]
[White "Klaska, Philipp Leon"]
[Black "Burlutskaia, Maria"]
[Result "1/2-1/2"]
[ECO "C97"]
[WhiteElo "1959"]
[BlackElo "1420"]
[Annotator "ChessBase"]
[PlyCount "49"]
[EventDate "2022.03.25"]
[EventType "team-tourn"]
[EventRounds "7"]
[EventCountry "GER"]
[SourceTitle "playchess.com"]
[Source "ChessBase"]
[SourceQuality "1"]
[TimeControl "40/5400+30:1800+30"]

1. e4 e5 2. Nf3 Nc6 3. Bb5 a6 4. Ba4 Nf6 5. O-O Be7 6. Re1 b5 7. Bb3 d6 8. h3 O-O 9. c3 Na5 10. Bc2 c5 11. d4 Qc7 12. d5 Nb7 13. b3 Nd8 14. Nbd2 Ne8 15. Nf1 g6 16. Bh6 Ng7 17. Qd2 f6 18. g4 Nf7 19. Bxg7 Kxg7 20. Ne3 Rh8 21. Kg2 h5 22. Rh1 Bd7 23. Rag1 Rag8 24. Kf1 Qc8 25. Nh4 1/2-1/2

[Event "DVM U12 2021-22"]
[Site "Naumburg"]
[Date "2022.03.26"]
[Round "2"]
[White "Haubold, Sebastian Marcel"]
[Black "Braun, Julian"]
[Result "1-0"]
[ECO "C77"]
[WhiteElo "1869"]
[BlackElo "1620"]
[Annotator "NA RC"]
[PlyCount "67"]
[EventDate "2022.03.25"]
[EventType "team-tourn"]
[EventRounds "7"]
[EventCountry "GER"]
[SourceTitle "playchess.com"]
[Source "ChessBase"]
[SourceQuality "1"]
[TimeControl "40/5400+30:1800+30"]

1. e4 e5 2. Nf3 Nc6 3. Bb5 a6 4. Ba4 Nf6 5. d4 exd4 6. O-O Be7 7. Re1 O-O 8. e5 Nd5 9. Bb3 Nb6 10. Nxd4 Nxd4 11. Qxd4 d5 {[%emt 0:00:32] 11...d6 is the fancy move.} 12. c3 (12. exd6 $1 $14 Bxd6 13. Bf4) 12... Be6 {[%emt 0:04:09] [#]} 13. Be3 $146 ({Predecessor:} 13. Bc2 Bg5 14. f4 Bh6 15. f5 Bxc1 16. Rxc1 Bd7 17. f6 Re8 18. Qh4 h6 19. Qg3 {1-0 (19) Torgersen,T (2012)-Ostby,M (1831) Oslo 2012}) 13... a5 14. Qd3 c5 15. Bc2 g6 16. Na3 Rc8 17. Qe2 Qc7 18. Bh6 Rfd8 19. Nb5 Qd7 20. Rad1 Qe8 (20... Nc4 $11 21. Ba4 Nb6) 21. Nd6 Rxd6 (21... Bxd6 $2 22. exd6 Bf5 23. Qd2) 22. exd6 Bxd6 23. Qf3 (23. f4 $142) 23... Qe7 24. Bf4 Bxf4 25. Qxf4 Rd8 26. b3 Ra8 27. h4 h5 (27... Rc8 {might work better.} 28. h5 c4) 28. Rd3 Qd7 $18 (28... Kg7 29. Qg3 Ra6) 29. Rg3 Kh7 30. Qg5 Bf5 31. Re7 Bxc2 32. Rxd7 Nxd7 33. Qxd5 Nf6 34. Qxf7+ 1-0

[Event "DVM U12 2021-22"]
[Site "Naumburg"]
[Date "2022.03.26"]
[Round "2"]
[White "Lu, Yunong Elias"]
[Black "Haubold, Christian Lucas"]
[Result "0-1"]
[ECO "C55"]
[WhiteElo "1677"]
[BlackElo "1808"]
[Annotator "NA RC"]
[PlyCount "90"]
[EventDate "2022.03.25"]
[EventType "team-tourn"]
[EventRounds "7"]
[EventCountry "GER"]
[SourceTitle "playchess.com"]
[Source "ChessBase"]
[SourceQuality "1"]
[TimeControl "40/5400+30:1800+30"]

1. e4 e5 2. Nf3 Nc6 3. d4 exd4 4. Bc4 Bc5 5. O-O Nf6 6. e5 d5 7. exf6 dxc4 8. Re1+ Be6 9. Ng5 Qd5 10. Nc3 Qf5 11. Nce4 O-O-O 12. Nxc5 ({Better is} 12. Nxe6 $14 fxe6 13. g4 (13. fxg7 Rhg8 $15)) 12... Qxc5 13. Rxe6 (13. fxg7 $15 {feels stronger.} Rhg8 14. Nxe6 fxe6 15. Bh6 (15. Rxe6 Rxg7 16. Re4 d3 $17)) 13... fxe6 14. Nxe6 Qe5 15. Nxd8 Rxd8 16. fxg7 Qxg7 17. Bf4 d3 18. c3 Re8 19. Be3 a6 20. Qh5 Rd8 21. Rd1 Kb8 22. Qh4 Rg8 23. g3 {[%emt 0:03:43] [#]} Qf7 $1 24. Qf4 Qh5 (24... Qd5 $17 25. f3 Re8) 25. Rd2 (25. Re1 $15) 25... Ne5 26. Kg2 Re8 (26... Ng4 $142 27. h3 Nxe3+ 28. Qxe3 Re8) 27. h3 Qg6 28. f3 Qe6 29. Bf2 Ng6 30. Qd4 b6 31. b3 cxb3 32. axb3 Ne5 33. Rxd3 $2 (33. f4 {gets mated.} Qc6+ 34. Kf1 Qh1+ 35. Bg1 Nf3 36. Rb2 d2 37. Rxd2 Re1+ 38. Kf2 Nxd4 39. Rxd4 Qxg1+ 40. Kf3 h5 41. Rd8+ Kb7) (33. c4 $11 {and White is okay.}) 33... Nxd3 34. Qxd3 Qxb3 35. Qxa6 Qxc3 36. Bxb6 cxb6 37. Qxb6+ Kc8 38. Qa6+ Kd7 39. Qb7+ Kd8 40. Qa8+ Ke7 41. Qe4+ Kf8 $19 42. Qf5+ Kg8 43. h4 Qe5 44. Qg4+ Kh8 45. Qb4 Rb8 0-1

[Event "DVM U12 2021-22"]
[Site "Naumburg"]
[Date "2022.03.26"]
[Round "2"]
[White "Wartenberg, Alexander"]
[Black "Könnecke, Maximilian"]
[Result "1-0"]
[ECO "C44"]
[WhiteElo "1639"]
[BlackElo "929"]
[Annotator "NA"]
[PlyCount "57"]
[EventDate "2022.03.25"]
[EventType "team-tourn"]
[EventRounds "7"]
[EventCountry "GER"]
[SourceTitle "playchess.com"]
[Source "ChessBase"]
[SourceQuality "1"]
[TimeControl "40/5400+30:1800+30"]

1. e4 e5 2. Nf3 Nc6 3. d4 f6 4. dxe5 fxe5 5. Bc4 Bc5 6. Ng5 Qf6 7. O-O Nge7 8. Nf7 Rf8 9. Bg5 Qg6 10. Bxe7 Nxe7 11. Nxe5 Qg5 12. Nf3 Qg6 13. Nc3 d6 14. Be2 Bh3 15. Ne1 O-O-O 16. Qd3 Qf6 17. Qxh3+ Kb8 18. Nd3 Ng6 19. Nxc5 dxc5 20. Qe3 Nf4 21. Bf3 g5 22. Nd5 Nxd5 23. exd5 Qxb2 24. Rab1 Qxc2 25. d6 Rxd6 26. Rxb7+ Kc8 27. Rfb1 Rxf3 28. Qe8+ Rd8 29. Rb8# 1-0

[Event "DVM U12 2021-22"]
[Site "Naumburg"]
[Date "2022.03.26"]
[Round "2"]
[White "Xue, Luka"]
[Black "Mombauer, Felix"]
[Result "1-0"]
[ECO "D10"]
[WhiteElo "1610"]
[BlackElo "1240"]
[Annotator "NA"]
[PlyCount "59"]
[EventDate "2022.03.25"]
[EventType "team-tourn"]
[EventRounds "7"]
[EventCountry "GER"]
[SourceTitle "playchess.com"]
[Source "ChessBase"]
[SourceQuality "1"]
[TimeControl "40/5400+30:1800+30"]

1. d4 d5 2. c4 c6 3. cxd5 cxd5 4. Bf4 Nc6 5. e3 Nf6 6. Nc3 e6 7. Bd3 Bd7 8. a3 Qb6 9. Nge2 Be7 10. O-O Nh5 11. h3 Nxf4 12. Nxf4 O-O-O 13. b4 g5 14. Nfxd5 exd5 15. Nxd5 Qc7 16. Nxc7 Kxc7 17. Rc1 Kb8 18. b5 Nxd4 19. exd4 h5 20. Qe2 Bd6 21. a4 g4 22. h4 Rde8 23. Qa2 f5 24. Qd5 Rh6 25. a5 Bc8 26. a6 b6 27. Rxc8+ Kxc8 28. Qa8+ Kd7 29. Qb7+ Bc7 30. Bxf5+ 1-0

[Event "DVM U12 2021-22"]
[Site "Naumburg"]
[Date "2022.03.26"]
[Round "2"]
[White "Smith, Tobias"]
[Black "Torosyan, Bagrat"]
[Result "0-1"]
[ECO "E91"]
[WhiteElo "1571"]
[BlackElo "1695"]
[Annotator "NA RC"]
[PlyCount "92"]
[EventDate "2022.03.25"]
[EventType "team-tourn"]
[EventRounds "7"]
[EventCountry "GER"]
[SourceTitle "playchess.com"]
[Source "ChessBase"]
[SourceQuality "1"]
[TimeControl "40/5400+30:1800+30"]

1. d4 Nf6 2. c4 g6 3. Nc3 Bg7 4. e4 d6 5. Nf3 O-O 6. Be2 Nbd7 7. O-O e5 8. d5 Nc5 9. Qc2 a5 10. Bg5 Qe8 11. Be3 Nfd7 12. Nd2 f5 13. f3 f4 14. Bf2 g5 15. b3 b6 16. a3 Nf6 17. b4 Nb7 18. Nb5 Qe7 19. Nb3 a4 20. Nc1 g4 21. Nd3 g3 22. hxg3 Nh5 23. gxf4 exf4 24. Bd4 Bxd4+ 25. Nxd4 Qg7 26. Nf5 Bxf5 27. exf5 Rxf5 28. Nf2 Rg5 29. Ng4 Ng3 30. Rfd1 h5 31. Nh2 Nf5 32. Bf1 Ne3 33. Qd2 Nxd1 34. Rxd1 Rf8 35. Re1 Nd8 36. Re4 Qf6 37. Qc2 Re5 38. Re2 Nf7 39. Rf2 Nh6 40. Qxa4 Nf5 41. Qd7 Re7 42. Qa4 Re3 43. Qa7 Rf7 44. c5 dxc5 45. bxc5 bxc5 46. Qxc5 Qd6 0-1

[Event "DVM U12 2021-22"]
[Site "Naumburg"]
[Date "2022.03.26"]
[Round "2"]
[White "Zobel, Christian"]
[Black "Stettner, Oskar"]
[Result "1-0"]
[ECO "B10"]
[WhiteElo "1547"]
[BlackElo "1446"]
[Annotator "NA"]
[PlyCount "59"]
[EventDate "2022.03.25"]
[EventType "team-tourn"]
[EventRounds "7"]
[EventCountry "GER"]
[SourceTitle "playchess.com"]
[Source "ChessBase"]
[SourceQuality "1"]
[TimeControl "40/5400+30:1800+30"]

1. e4 c6 2. Nc3 d5 3. Nf3 dxe4 4. Nxe4 Nf6 5. Qe2 Nxe4 6. Qxe4 Qd5 7. Qh4 Bf5 8. Bc4 Qe4+ 9. Qxe4 Bxe4 10. Bxf7+ Kd8 11. d3 Bxf3 12. gxf3 Nd7 13. Bf4 e5 14. Be3 Be7 15. Ke2 Kc7 16. Rhg1 g6 17. Bh6 Bf8 18. Bg5 Bd6 19. c3 h6 20. Be3 g5 21. Rh1 Raf8 22. Bb3 Rf6 23. h4 Rhf8 24. hxg5 hxg5 25. Rh3 Rg6 26. Rg1 Be7 27. Rhg3 Rf5 28. Bc2 e4 29. fxe4 Re5 30. Bf4 1-0

[Event "DVM U12 2021-22"]
[Site "Naumburg"]
[Date "2022.03.26"]
[Round "2"]
[White "Cwiklik, Jonah"]
[Black "Rudolph, Simon"]
[Result "1-0"]
[ECO "B03"]
[WhiteElo "1409"]
[BlackElo "1403"]
[Annotator "NA"]
[PlyCount "121"]
[EventDate "2022.03.25"]
[EventType "team-tourn"]
[EventRounds "7"]
[EventCountry "GER"]
[SourceTitle "playchess.com"]
[Source "ChessBase"]
[SourceQuality "1"]
[TimeControl "40/5400+30:1800+30"]

1. e4 Nf6 2. e5 Nd5 3. c4 Nb6 4. d4 d6 5. exd6 cxd6 6. Bd3 g6 7. Be3 Bg7 8. Nc3 e6 9. Nge2 O-O 10. Qd2 Nc6 11. a3 Na5 12. Qc2 Naxc4 13. Nb5 Nxe3 14. fxe3 Bd7 15. Nxd6 Bc6 16. Ne4 Nd5 17. Qd2 Bh6 18. Nf4 e5 19. Nxd5 Qxd5 20. Nf6+ Kg7 21. Nxd5 Bxd5 22. dxe5 Rfe8 23. Qc3 Rac8 24. Qd4 Rcd8 25. Qc3 Bxe3 26. e6+ f6 27. Qc7+ Kh8 28. e7 Rc8 29. Qd6 Bxg2 30. Qxf6+ Kg8 31. Bxg6 hxg6 32. Qxg6+ Kh8 33. Qxg2 Rxe7 34. Qh3+ Bh6+ 35. Kf2 Rf8+ 36. Kg2 Rg7+ 37. Qg3 Be3 38. Qxg7+ Kxg7 39. h4 Rf2+ 40. Kg3 Rxb2 41. Rab1 Rc2 42. Rxb7+ Kh6 43. Rd1 Bc5 44. Rd5 Rc3+ 45. Kg4 Rc4+ 46. Kf3 Rc3+ 47. Ke4 Re3+ 48. Kf4 Rc3 49. Kf5 Rf3+ 50. Ke6 Rc3 51. Rc7 Re3+ 52. Re5 Rxe5+ 53. Kxe5 Bxa3 54. Rxa7 Bf8 55. Kf5 Bg7 56. Kg4 Kh7 57. Kg5 Kh8 58. Kg6 Bf8 59. Ra8 Kg8 60. h5 Kh8 61. Rxf8# 1-0

[Event "DVM U12 2021-22"]
[Site "Naumburg"]
[Date "2022.03.26"]
[Round "2"]
[White "Zhang, Yibo"]
[Black "Middendorf, Sven-Jonas"]
[Result "1/2-1/2"]
[ECO "C45"]
[WhiteElo "1397"]
[BlackElo "1424"]
[Annotator "NA RC"]
[PlyCount "67"]
[EventDate "2022.03.25"]
[EventType "team-tourn"]
[EventRounds "7"]
[EventCountry "GER"]
[SourceTitle "playchess.com"]
[Source "ChessBase"]
[SourceQuality "1"]
[TimeControl "40/5400+30:1800+30"]

1. e4 e5 2. Nf3 Nc6 3. d4 exd4 4. Nxd4 Nf6 5. Nxc6 bxc6 6. e5 Qe7 7. Qe2 Nd5 8. c4 Ba6 9. b3 g6 10. f4 Bg7 11. Qf2 Nb6 12. Ba3 d6 13. c5 Bxe5 14. Bxa6 Bxa1+ 15. Kd1 O-O 16. cxb6 cxb6 17. Re1 Qd7 18. Bd3 Qg4+ 19. Kc2 Rad8 20. Nc3 Bxc3 21. Kxc3 Qd7 22. f5 Rfe8 23. f6 Rxe1 24. Qxe1 Qe6 25. Qh4 Re8 26. Kc2 Qe5 27. Bb2 Qc5+ 28. Bc3 Re6 29. Bc4 d5 30. Qh6 Qf2+ 31. Kb1 Re1+ 32. Bxe1 Qxe1+ 33. Kb2 Qe5+ 34. Kb1 1/2-1/2

[Event "DVM U12 2021-22"]
[Site "Naumburg"]
[Date "2022.03.26"]
[Round "2"]
[White "Flierl, Veronika"]
[Black "Gulamzada, Elmir"]
[Result "0-1"]
[ECO "C02"]
[WhiteElo "1356"]
[BlackElo "1291"]
[Annotator "NA RC"]
[PlyCount "142"]
[EventDate "2022.03.25"]
[EventType "team-tourn"]
[EventRounds "7"]
[EventCountry "GER"]
[SourceTitle "playchess.com"]
[Source "ChessBase"]
[SourceQuality "1"]
[TimeControl "40/5400+30:1800+30"]

1. e4 e6 2. d4 d5 3. e5 c5 4. c3 Nc6 5. Be3 Qb6 6. Qd2 cxd4 7. cxd4 Bd7 8. Nf3 Nge7 9. Nh4 Ng6 10. Nxg6 hxg6 11. Nc3 Be7 12. Be2 Rc8 13. O-O a6 14. f4 Na7 15. a3 Nb5 16. Rac1 Nxc3 17. Rxc3 Rxc3 18. Qxc3 Bb5 19. Qb3 Qa5 20. Bxb5+ Qxb5 21. Qxb5+ axb5 22. Rc1 Kd7 23. Bd2 Rc8 24. Rf1 Rc2 25. Bc3 f6 26. Rf3 Ke8 27. Rg3 Kf7 28. Kf1 Rc1+ 29. Ke2 Rh1 30. h3 f5 31. Rd3 b6 32. Be1 g5 33. Bg3 gxf4 34. Bxf4 b4 35. a4 Ra1 36. b3 Rb1 37. Rg3 Bh4 38. Rf3 Rb2+ 39. Kf1 g5 40. g3 gxf4 41. gxh4 Kg6 42. Ke1 Kh5 43. Kd1 Kxh4 44. Ke1 Kg5 45. Kd1 Rg2 46. Ke1 Rg3 47. Kf2 Kh4 48. Rxf4+ Kxh3 49. Rf3 Rxf3+ 50. Kxf3 Kh4 51. Kf4 Kh5 52. Kf3 Kg5 53. Kg3 f4+ 54. Kf3 Kf5 55. Kf2 Ke4 56. a5 bxa5 57. Ke2 Kxd4 58. Kd2 f3 59. Kd1 Kd3 60. Ke1 Kc3 61. Kf2 Kxb3 62. Kxf3 a4 63. Ke2 a3 64. Kd2 a2 65. Kd3 a1=Q 66. Kd2 Qc3+ 67. Kd1 Qc2+ 68. Ke1 Kc3 69. Kf1 b3 70. Ke1 b2 71. Kf1 b1=R# 0-1

[Event "DVM U12 2021-22"]
[Site "Naumburg"]
[Date "2022.03.26"]
[Round "2"]
[White "Fadeev, Justin Michael"]
[Black "Friedrich, Timofej"]
[Result "0-1"]
[ECO "B13"]
[WhiteElo "1327"]
[BlackElo "1377"]
[Annotator "NA"]
[PlyCount "78"]
[EventDate "2022.03.25"]
[EventType "team-tourn"]
[EventRounds "7"]
[EventCountry "GER"]
[SourceTitle "playchess.com"]
[Source "ChessBase"]
[SourceQuality "1"]
[TimeControl "40/5400+30:1800+30"]

1. e4 c6 2. d4 d5 3. exd5 cxd5 4. Bd3 Nc6 5. c3 Nf6 6. Bf4 g6 7. Nf3 Bg7 8. O-O O-O 9. Re1 Nh5 10. Bg5 Re8 11. Nbd2 f5 12. Ne5 Nf6 13. f4 Qd6 14. Nxc6 bxc6 15. Bxf6 Bxf6 16. Qf3 e6 17. Qg3 Kf7 18. Nf3 Qe7 19. Ne5+ Bxe5 20. Rxe5 Qf6 21. Rae1 Bd7 22. h4 Rg8 23. Qf2 Rae8 24. g3 h6 25. Qe2 g5 26. Qh5+ Qg6 27. Qxg6+ Rxg6 28. Be2 gxf4 29. Bh5 Reg8 30. R5e2 Kf6 31. Bxg6 Rxg6 32. Rg2 fxg3 33. Rf1 Rg4 34. Rf3 f4 35. Kf1 Kf5 36. Re2 Rxh4 37. Rg2 Kg4 38. Ke2 Be8 39. Rg1 Rh2+ 0-1

[Event "DVM U12 2021-22"]
[Site "Naumburg"]
[Date "2022.03.26"]
[Round "2"]
[White "Rudolph, Konrad"]
[Black "Koberstein, Simon"]
[Result "1-0"]
[ECO "E24"]
[WhiteElo "1321"]
[BlackElo "1462"]
[Annotator "NA RC"]
[PlyCount "63"]
[EventDate "2022.03.25"]
[EventType "team-tourn"]
[EventRounds "7"]
[EventCountry "GER"]
[SourceTitle "playchess.com"]
[Source "ChessBase"]
[SourceQuality "1"]
[TimeControl "40/5400+30:1800+30"]

1. d4 Nf6 2. c4 e6 3. Nc3 Bb4 4. a3 Bxc3+ 5. bxc3 d5 6. a4 Nc6 7. Ba3 e5 8. Nf3 e4 9. Ne5 Be6 10. Nxc6 bxc6 11. Qb3 Rb8 12. Qa2 Nd7 13. a5 Qf6 14. e3 h5 15. Rb1 Qd8 16. h3 h4 17. Be2 Qc8 18. O-O Rh6 19. Rb2 Rg6 20. Kh2 Ra8 21. Rfb1 Qd8 22. Qb3 Qg5 23. Bf1 dxc4 24. Qb7 Rd8 25. Qxa7 f5 26. Qxc7 f4 27. exf4 Qd5 28. a6 Bf5 29. a7 Qe6 30. Qxd8+ Kxd8 31. a8=Q+ Nb8 32. Rxb8+ 1-0

[Event "DVM U12 2021-22"]
[Site "Naumburg"]
[Date "2022.03.26"]
[Round "2"]
[White "Marinin, Georgii"]
[Black "Barthel, Jacob"]
[Result "1-0"]
[ECO "D02"]
[WhiteElo "1293"]
[BlackElo "1321"]
[Annotator "NA RC"]
[PlyCount "79"]
[EventDate "2022.03.25"]
[EventType "team-tourn"]
[EventRounds "7"]
[EventCountry "GER"]
[SourceTitle "playchess.com"]
[Source "ChessBase"]
[SourceQuality "1"]
[TimeControl "40/5400+30:1800+30"]

1. d4 d5 2. Nf3 Nf6 3. g3 Bf5 4. Bg2 e6 5. O-O Bd6 6. b3 Nbd7 7. Bb2 c6 8. Nbd2 h6 9. c4 g5 10. a3 g4 11. Nh4 Bh7 12. b4 Rf8 13. cxd5 exd5 14. Re1 Qe7 15. e4 dxe4 16. f3 gxf3 17. Bxf3 O-O-O 18. Rc1 e3 19. Nc4 Bc7 20. Rxe3 Ne4 21. a4 f5 22. b5 c5 23. d5 Bd6 24. Ba3 Rg8 25. Bxe4 fxe4 26. Ng2 b6 27. a5 Bf5 28. Qa4 Bc7 29. Rd1 Nb8 30. axb6 Bxb6 31. Rc3 Rd7 32. Na5 Rc7 33. d6 Qe5 34. dxc7 Qxc3 35. cxb8=Q+ Kxb8 36. Qb3 Qxb3 37. Nxb3 c4+ 38. Nd4 Rd8 39. Bb2 Bg4 40. Rd2 1-0

[Event "DVM U12 2021-22"]
[Site "Naumburg"]
[Date "2022.03.26"]
[Round "2"]
[White "Cwiklik, Julian"]
[Black "Strubelt, Björn"]
[Result "1-0"]
[ECO "C57"]
[WhiteElo "1255"]
[BlackElo "1079"]
[Annotator "NA"]
[PlyCount "111"]
[EventDate "2022.03.25"]
[EventType "team-tourn"]
[EventRounds "7"]
[EventCountry "GER"]
[SourceTitle "playchess.com"]
[Source "ChessBase"]
[SourceQuality "1"]
[TimeControl "40/5400+30:1800+30"]

1. e4 e5 2. Nf3 Nc6 3. Bc4 Nf6 4. Ng5 d5 5. exd5 b5 6. Bb3 Nd4 7. c3 Nxb3 8. Qxb3 Ba6 9. a4 Qd7 10. Nf3 bxa4 11. Qxa4 Qxa4 12. Rxa4 Bb5 13. Ra1 e4 14. Nd4 Bc4 15. Na3 Ba6 16. Nab5 Nxd5 17. Rxa6 Be7 18. Nf5 Bg5 19. c4 Nb4 20. Nxc7+ Kd7 21. Nxa8 Nxa6 22. Nxg7 Rg8 23. Nf5 Ke6 24. Nd4+ Kd6 25. Nb5+ Kc6 26. Nxa7+ Kb7 27. Nb5 Kxa8 28. Nd6 Nc5 29. Nxf7 Nd3+ 30. Ke2 Nf4+ 31. Kd1 Nd3 32. Rf1 h6 33. Nxg5 hxg5 34. f3 Rf8 35. Ke2 g4 36. b3 Nf4+ 37. Ke3 exf3 38. gxf3 gxf3 39. Rxf3 Ng2+ 40. Kf2 Rxf3+ 41. Kxf3 Ne1+ 42. Kg4 Nd3 43. Ba3 Nf2+ 44. Kf5 Nd3 45. h4 Kb7 46. h5 Kb6 47. h6 Ka5 48. h7 Nb4 49. Bxb4+ Kxb4 50. h8=Q Ka3 51. c5 Kb4 52. c6 Kb5 53. c7 Kb6 54. Qb8+ Kc5 55. c8=Q+ Kd4 56. Qd6# 1-0

[Event "DVM U12 2021-22"]
[Site "Naumburg"]
[Date "2022.03.26"]
[Round "2"]
[White "Göllnitz, Aaron"]
[Black "Uhl, Henry"]
[Result "0-1"]
[ECO "D04"]
[WhiteElo "1150"]
[BlackElo "1301"]
[Annotator "NA"]
[PlyCount "90"]
[EventDate "2022.03.25"]
[EventType "team-tourn"]
[EventRounds "7"]
[EventCountry "GER"]
[SourceTitle "playchess.com"]
[Source "ChessBase"]
[SourceQuality "1"]
[TimeControl "40/5400+30:1800+30"]

1. d4 d5 2. Nf3 Nf6 3. e3 Nc6 4. a3 Bf5 5. b3 e6 6. Bb2 Bd6 7. Be2 O-O 8. O-O Re8 9. Re1 e5 10. dxe5 Nxe5 11. Nxe5 Bxe5 12. Bxe5 Rxe5 13. Bf1 Qd6 14. Nd2 Rae8 15. Nf3 R5e7 16. c4 Bg4 17. h3 Bxf3 18. Qxf3 c6 19. Red1 Re5 20. b4 Rg5 21. c5 Qc7 22. Qf4 Ree5 23. g4 Qd7 24. f3 Qe7 25. Rd3 h6 26. h4 Rg6 27. Kh1 Nh7 28. Qg3 Rxe3 29. Rxe3 Qxe3 30. Qb8+ Nf8 31. Kg2 Rf6 32. Qg3 Ne6 33. Qf2 Qc3 34. Ra2 Rf4 35. Qg3 d4 36. Re2 Rf6 37. Re4 d3 38. f4 Qc2+ 39. Kh3 d2 40. Re2 Nxf4+ 41. Kh2 Nxe2 42. Bxe2 d1=Q 43. g5 Qcxe2+ 44. Kh3 Qdf1+ 45. Qg2 Qexg2# 0-1

[Event "DVM U12 2021-22"]
[Site "Naumburg"]
[Date "2022.03.26"]
[Round "2"]
[White "Roos Nazario, Valentin"]
[Black "Dordevic, Tom"]
[Result "0-1"]
[ECO "B42"]
[WhiteElo "1140"]
[BlackElo "1671"]
[Annotator "NA RC"]
[PlyCount "93"]
[EventDate "2022.03.25"]
[EventType "team-tourn"]
[EventRounds "7"]
[EventCountry "GER"]
[SourceTitle "playchess.com"]
[Source "ChessBase"]
[SourceQuality "1"]
[TimeControl "40/5400+30:1800+30"]

1. e4 c5 2. Nf3 e6 3. d4 cxd4 4. Nxd4 a6 5. Bd3 Qc7 6. Nc3 Nf6 7. Bd2 Be7 8. Qe2 d6 9. O-O Nbd7 10. a4 b6 11. f4 Nc5 12. Rac1 O-O 13. e5 Nfd7 14. b4 dxe5 15. fxe5 Nxd3 16. cxd3 Qxe5 17. Nc6 Bc5+ 18. bxc5 Qxc5+ 19. Be3 Qxc6 20. Nb5 Qb7 21. Rc7 Qb8 22. Bf4 e5 23. Bxe5 Nxe5 24. Qxe5 Bd7 25. Nc3 Ra7 26. Nd5 Rxc7 27. Qxc7 Qxc7 28. Nxc7 a5 29. Rb1 Rb8 30. Nd5 b5 31. axb5 Rxb5 32. Rxb5 Bxb5 33. d4 f6 34. Nc3 Bc4 35. Kf2 Kf7 36. d5 Bb3 37. Ke3 a4 38. Kd2 Ke7 39. Kd3 a3 40. d6+ Kd8 41. Ke4 a2 42. Nxa2 Bxa2 43. h4 Kd7 44. g4 Kxd6 45. g5 fxg5 46. hxg5 g6 47. Kd4 0-1